AoeStats
← apyrupa_master

Arena

508112492Analyzed
4v4 RM · 13d ago on Sep 20, 2026· 41m 19s· 8 players
Game mode
Random Map
Map size
Large (8 player)
Population
200
Speed
Normal
Resources
Standard
Victory
Conquest
Starting age
Dark Age
Ending age
Imperial Age
RankedLock teamsTeams togetherTeam positionsShared explorationLock speedFull tech treeHidden civsTurbo modeCheats
Victory
Defeat
🇺🇸 Magyars · United States
1294
+13
🇵🇾 Burgundians · Paraguay
1289
+13
🇵🇦 Persians · Panama
1276
+14
🇺🇸 Koreans · United States
1248
+15
🇧🇷 Poles · Brazil
1286
-16
🇧🇷 Franks · Brazil
1233
-14
🇧🇷 Persians · Brazil
1208
-13
🇧🇷 Khmer · Brazil
1195
-12
MZTK | MrAnGeL_
10:18 Feudal Age
15:44 Castle Age
14:08 Double-Bit Axe
14:31 Horse Collar
15:59 Loom
17:26 Bow Saw
17:17 Heavy Plow
24:50 Wheelbarrow
24:11 Pikeman
26:10 Gold Mining
31:06 Fortified Wall
33:37 Imperial Age
32:51 Forging
32:42 Scale Mail Armor
32:33 Fletching
33:10 Hand Cart
32:57 Murder Holes
34:28 Iron Casting
34:02 Halberdier
35:28 Chain Mail Armor
36:03 Bodkin Arrow
36:53 Conscription
37:38 Chemistry
37:26 Plate Mail Armor
37:31 Scale Barding Armor
38:17 Bracer
38:21 Squires
39:37 Two-Man Saw
38:36 Town Watch
39:48 Ballistics
40:20 Shinkichon
40:04 Eupseong
40:27 Chain Barding Armor
I ONLY MAKE TRADE CARTS
10:24 Feudal Age
14:38 Castle Age
12:58 Double-Bit Axe
13:34 Horse Collar
15:38 Bow Saw
19:22 Scale Barding Armor
23:24 Chain Barding Armor
34:21 Imperial Age
32:31 Wheelbarrow
33:21 Gold Mining
35:39 Plate Barding Armor
35:45 Elite Magyar Huszar
40:37 Gold Shaft Mining
York
10:39 Feudal Age
11:56 Double-Bit Axe
13:06 Loom
13:16 Horse Collar
15:52 Castle Age
23:09 Heavy Plow
25:49 Wheelbarrow
30:35 Imperial Age
28:25 Bow Saw
28:11 Gold Mining
28:15 Stone Mining
28:56 Scale Barding Armor
29:03 Forging
29:24 Hand Cart
29:54 Stone Shaft Mining
30:06 Gold Shaft Mining
29:35 Husbandry
30:22 Chain Barding Armor
30:41 Iron Casting
30:10 Fletching
30:23 Town Watch
30:47 Bodkin Arrow
30:50 Murder Holes
31:06 Masonry
31:25 Conscription
32:59 Two-Man Saw
33:02 Chemistry
32:24 Ballistics
31:47 Elite War Elephant
32:46 Town Patrol
33:49 Architecture
34:08 Plate Barding Armor
34:38 Blast Furnace
34:28 Devotion
38:12 Caravan
38:48 Faith
39:17 Hoardings
41:56 Citadels
DANICW82
10:27 Feudal Age
15:31 Castle Age
13:48 Double-Bit Axe
13:45 Horse Collar
16:17 Loom
31:00 Heavy Plow
31:40 Wheelbarrow
34:30 Gold Mining
35:50 Hand Cart
35:56 Bow Saw
37:27 Stone Mining
38:15 Gold Shaft Mining
41:18 Imperial Age
41:08 Husbandry
40:29 Light Cavalry
40:30 Cavalier
41:14 Squires
apyrupa_master
10:29 Feudal Age
13:33 Castle Age
14:09 Double-Bit Axe
16:32 Horse Collar
29:21 Wheelbarrow
29:07 Heavy Plow
30:56 Hand Cart
33:24 Bow Saw
38:28 Imperial Age
35:46 Loom
35:58 Gold Mining
36:03 Stone Mining
38:10 Ballistics
39:23 Heavy Scorpion
40:06 Double Crossbow
apyrupa_NoMercy
5:00 Loom
11:47 Feudal Age
12:44 Horse Collar
12:54 Double-Bit Axe
15:20 Gold Mining
22:48 Wheelbarrow
35:23 Castle Age
35:35 Scale Mail Armor
35:28 Pikeman
37:03 Bow Saw
36:59 Heavy Plow
37:31 Squires
38:44 Chain Mail Armor
38:41 Forging
ViRGuLiNo
10:49 Feudal Age
15:58 Castle Age
14:38 Double-Bit Axe
14:35 Horse Collar
21:07 Scale Barding Armor
23:14 Szlachta Privileges
24:01 Loom
25:05 Bloodlines
29:17 Chain Barding Armor
30:22 Forging
35:44 Imperial Age
35:09 Wheelbarrow
34:58 Heavy Plow
35:12 Bow Saw
35:52 Pikeman
36:04 Cavalier
apyrupa_Veloz
11:25 Feudal Age
15:01 Castle Age
13:58 Scale Barding Armor
14:52 Forging
14:46 Double-Bit Axe
21:47 Wheelbarrow
22:37 Bow Saw
22:22 Gold Mining
24:58 Chain Barding Armor
25:48 Iron Casting
28:54 Husbandry
34:57 Hand Cart
38:11 Imperial Age
35:54 Scale Mail Armor
35:22 Pikeman
37:22 Gold Shaft Mining
36:40 Stone Mining
37:12 Chain Mail Armor
37:00 Squires
38:17 Halberdier
39:43 Plate Mail Armor
Connection lost

Rejoining the realm…

Still unreachable

The connection could not be restored.

Session expired

The server has moved on; the page needs a fresh start.